 Dungeon Crawl Stone Soup version 0.26-a0-863-g3bff4b215c (webtiles) character file.

Game seed: 3385354240979392502

1480693 hyperborean the Slayer (level 25, 228/237 HPs)
             Began as a Demonspawn Enchanter on Nov 22, 2020.
             Was an Initiate of Gozag.
             Escaped with the Orb
             ... and 3 runes on Nov 25, 2020!
             The game lasted 04:25:24 (87683 turns).

hyperborean the Slayer (Demonspawn Enchanter)      Turns: 87683, Time: 04:25:25

Health: 228/237    AC: 45    Str: 23    XL:     25   Next: 88%
Magic:  27/27      EV: 20    Int: 18    God:    Gozag
Gold:   6270       SH:  0    Dex: 18    Spells: 7/34 levels left

rFire    + + .     SeeInvis +   a - +7 pair of quick blades "Gyre" and "Gimble" {protect}
rCold    + . .     Faith    .   (shield currently unavailable)
rNeg     . . .     Spirit   .   n - +10 plate armour of Twilight {rPois Str+4 Dex-5}
rPois    +         Reflect  .   (helmet unavailable)
rElec    .         Harm     .   E - +3 cloak "Suffu" {Str+4}
rCorr    .         Rampage  .   y - +2 pair of gloves of Nihilism {MR+++ Str-4 Int+4 SInv}
MR       +++++     Rnd*Rage +   G - +2 pair of boots {run}
Stlth    ..........             A - necklace of Bloodlust {*Rage +Rage MR++ Int-3 Slay+6 *Curse} (curse)
HPRegen  0.49/turn              h - +6 ring of strength
MPRegen  0.20/turn              Z - ring "Xoasass" {rPois rF+ Int-2 Dex+4}

@: quick
A: horns 3, molten scales 3, berserk 1, cold resistance 1, demonic guardian 3,
foul stench 1, low mp 1, sense surroundings 1, robust 1, rot immunity, freezing
cloud immunity
0: Orb of Zot
}: 3/15 runes: decaying, silver, gossamer
a: Potion Petition, Call Merchant, Bribe Branch, Renounce Religion, Evoke
Berserk Rage


You escaped.
You worshipped Gozag.
Gozag was greatly pleased with you.
You visited 8 branches of the dungeon, and saw 46 of its levels.
You also visited: Bailey, Ice Cave and Wizlab.

You collected 29144 gold pieces.
You spent 8362 gold pieces at shops.
You paid 14512 gold pieces to Gozag.

Inventory:

Hand Weapons
 a - the +7 pair of quick blades "Gyre" and "Gimble" (weapon) {protect}
   (You bought it in a shop on level 4 of the Lair of Beasts)

   It grants its wielder temporary protection when it strikes (+7 to AC).
Armour
 n - the +10 plate armour of Twilight (worn) {rPois Str+4 Dex-5}
   (You bought it in a shop on level 5 of the Vaults)

   It affects your strength (+4).
   It affects your dexterity (-5).
   It protects you from poison.
 t - the +1 cloak "Feru Rer" {rF- rC++ Slay+4}
   (You found it on level 5 of the Vaults)

   It affects your accuracy and damage with ranged weapons and melee attacks
   (+4).
   It makes you vulnerable to fire.
   It greatly protects you from cold.
 y - the +2 pair of gloves of Nihilism (worn) {MR+++ Str-4 Int+4 SInv}
   (You found it on level 1 of the Depths)

   It affects your strength (-4).
   It affects your intelligence (+4).
   It affects your resistance to hostile enchantments.
   It lets you see invisible.
 E - the +3 cloak "Suffu" (worn) {Str+4}
   (You found it in a wizard's laboratory)

   It affects your strength (+4).
 F - the +8 troll leather armour "Cirada" {Regen+ rCorr}
   (You bought it in a shop on level 5 of the Vaults)

   It increases your rate of regeneration.
   It provides partial protection from all sources of acid and corrosion.
 G - a +2 pair of boots of running (worn)
Jewellery
 c - the ring "Efey" {Ice rPois rN++ MR+ Int-2}
   (You acquired it on level 1 of the Lair of Beasts)

   [ring of ice]

   It enhances your ice magic.
   It affects your intelligence (-2).
   It makes you vulnerable to fire.
   It protects you from cold.
   It protects you from poison.
   It greatly protects you from negative energy.
   It affects your resistance to hostile enchantments.
 e - the ring of Patience {Wiz rPois}
   (You found it on level 4 of the Lair of Beasts)

   [ring of wizardry]

   It improves your spell success rate.
   It protects you from poison.
 h - a +6 ring of strength (left hand)
 r - an uncursed ring of see invisible
 w - the macabre finger necklace {rN+}
   (You found it on level 1 of the Depths)

   [amulet of nothing]

   It protects you from negative energy.
 A - the cursed necklace of Bloodlust (around neck) {*Rage +Rage MR++ Int-3 Slay+6 *Curse}
   (You took it off a vault guard on level 5 of the Vaults)

   [amulet of nothing]

   It affects your intelligence (-3).
   It affects your accuracy and damage with ranged weapons and melee attacks
   (+6).
   It affects your resistance to hostile enchantments.
   It lets you go berserk.
   It may make you go berserk in combat.
   It curses itself when equipped.
   It has a curse placed upon it.
 L - an uncursed ring of protection from magic
 N - an uncursed ring of resist corrosion
 V - the ring of Xapnak {rElec rN+}
   (You bought it in a shop on level 13 of the Dungeon)

   [ring of positive energy]

   It insulates you from electricity.
   It protects you from negative energy.
 Z - the ring "Xoasass" (right hand) {rPois rF+ Int-2 Dex+4}
   (You bought it in a shop on level 13 of the Dungeon)

   [ring of protection from fire]

   It affects your intelligence (-2).
   It affects your dexterity (+4).
   It protects you from fire.
   It protects you from poison.
Wands
 b - a wand of polymorph (5)
 u - a wand of digging (9)
 v - a wand of acid (6)
 C - a wand of enslavement (46)
 H - a wand of disintegration (72)
 S - a wand of paralysis (28)
 T - a wand of iceblast (11)
Scrolls
 i - 28 scrolls of teleportation
 k - 4 scrolls of blinking
 l - a scroll of silence
 o - 28 scrolls of remove curse
 p - 9 scrolls of amnesia
 q - 4 scrolls of enchant armour
 B - a scroll of fear
 I - 5 scrolls of immolation
 J - 2 scrolls of magic mapping
 K - 20 scrolls of identify
 M - 3 scrolls of fog
 O - 2 scrolls of vulnerability
 R - 2 scrolls of summoning
Potions
 d - 5 potions of ambrosia
 f - a potion of might
 g - 7 potions of heal wounds
 m - 2 potions of mutation
 s - 5 potions of flight
 x - 14 potions of curing
 z - 6 potions of haste
 Q - 2 potions of resistance
 U - 4 potions of magic
 W - 2 potions of berserk rage
 Y - 6 potions of brilliance
Miscellaneous
 j - a tin of tremorstones (2/2)
 D - a condenser vane
 P - a phial of floods


   Skills:
 + Level 21.7 Fighting
 - Level 13.5 Short Blades
 + Level 18.9 Armour
 + Level 20.8 Dodging
 - Level 10.0 Stealth
 - Level 5.0 Spellcasting
 - Level 4.2 Conjurations
 - Level 11.5 Hexes
 - Level 8.0 Translocations
 - Level 9.1 Ice Magic
 - Level 6.1 Air Magic
 * Level 12.2 Evocations


You had 7 spell levels left.
You knew the following spells:

 Your Spells              Type           Power        Failure   Level
a - Corona                Hex            #####..      1%          1
b - Ensorcelled Hibernat  Hex/Ice        #####.       1%          2
c - Tukima's Dance        Hex            #####...     2%          3
d - Confusing Touch       Hex            #####...     2%          3
e - Dazzling Flash        Conj/Hex       ####..       10%         3
f - Cause Fear            Hex            #####.....   8%          4
g - Blink                 Tloc           N/A          4%          2
h - Silence               Hex/Air        #####.....   52%         5
i - Passage of Golubria   Tloc           N/A          30%         4

Your spell library contained the following spells:

 Spells                   Type           Power        Failure   Level
 Slow                     Hex            #####...     1%          2
 Apportation              Tloc           ####..       3%          1
 Portal Projectile        Hex/Tloc       #####.       4%          3
 Gell's Gravitas          Tloc           ####......   10%         3
 Lesser Beckoning         Tloc           ####......   10%         3
 Teleport Other           Tloc           ####....     10%         3
 Swiftness                Air            ####....     11%         2
 Magic Dart               Conj           ###.         14%         1
 Searing Ray              Conj           ###...       22%         2
 Inner Flame              Hex/Fire       ####....     24%         3
 Fulminant Prism          Conj/Hex       ####......   32%         4
 Iskenderun's Mystic Bla  Conj/Tloc      ####....     56%         4
 Leda's Liquefaction      Hex/Erth       ####......   61%         4
 Animate Skeleton         Necr           #.....       63%         1
 Summon Small Mammal      Summ           #...         63%         1
 Invisibility             Hex            #####...     75%         6
 Passwall                 Tmut/Erth      #.......     77%         2
 Summon Mana Viper        Hex/Summ       ####....     91%         5
 Yara's Violent Unravell  Hex/Tmut       ####......   91%         5
 Summon Lightning Spire   Summ/Air       ###.....     94%         4
 Summon Forest            Summ/Tloc      ###.......   99%         5
 Dispersal                Tloc           ####......   99%         6
 Animate Dead             Necr           #.........   100%        4
 Borgnjor's Vile Clutch   Necr/Erth      #.........   100%        5
 Fireball                 Conj/Fire      ##........   100%        5
 Lee's Rapid Deconstruct  Erth           #.........   100%        5
 Summon Demon             Summ           #.........   100%        5
 Death Channel            Necr           #.........   100%        6
 Shadow Creatures         Summ           N/A          100%        6
 Simulacrum               Ice/Necr       ###.......   100%        6
 Malign Gateway           Summ/Tloc      ###.......   100%        7
 Summon Hydra             Summ           #.........   100%        7
 Chain Lightning          Conj/Air       ###.......   100%        8
 Discord                  Hex            #####.....   100%        8
 Ignition                 Fire           #.........   100%        8
 Lehudib's Crystal Spear  Conj/Erth      ##........   100%        8
 Absolute Zero            Ice            #####.....   100%        9
 Fire Storm               Conj/Fire      ##........   100%        9


Dungeon Overview and Level Annotations

Branches:
Dungeon (15/15)            Temple (0/1) D:7            Lair (6/6) D:10
  Swamp (4/4) Lair:2       Spider (4/4) Lair:3        Slime (0/5) Lair:5
    Orc (2/2) D:10            Elf (0/3) Orc:2        Vaults (5/5) D:14
  Crypt (0/3) Vaults:2     Depths (5/5) D:15            Zot (5/5) Depths:5
 Bailey (visited)           IceCv (visited)          WizLab (visited)

Altars:
Fedhas
Gozag
Makhleb
Nemelex Xobeh
Sif Muna
Uskayaw
Yredelemnul
Beogh
Jiyva

Shops:
D:4 (   D:6 }   D:7 [   D:13 *==   D:15 *   Orc:1 !!!**   Orc:2 =*[(
Lair:2 ((   Lair:4 ((   Vaults:5 **   Depths:1 }   Depths:3 *(   Depths:4 [
Depths:5 *

Portals:
Hell: Depths:1 Depths:2 Depths:3 Depths:4 Depths:5
Abyss: Depths:4
Pandemonium: Depths:3
Ziggurat: Depths:4

Annotations:
D:9 2 runed translucent doors
D:12 exclusion: naga mage
Lair:3 1 runed translucent door
Lair:6 2 runed translucent doors
Swamp:1 Roxanne
Swamp:4 exclusion: 3 oklob plants
Spider:3 1 runed translucent door, Qwerk's ghost, adept DEAE
Orc:1 3 runed translucent doors, Sin92's ghost, journeyman DsFi
Depths:3 2 runed translucent doors


Innate Abilities, Weirdness & Mutations

You have a pair of large horns on your head.
You are completely covered in molten scales. (AC +4, rF+)
Your flesh is cold resistant. (rC+)
A powerful demonic guardian rushes to your aid.
You may emit foul miasma when damaged in melee.
You are immune to rotting.
You are immune to freezing clouds.
You tend to lose your temper in combat.
Your magical capacity is low. (-10% MP)
You passively map a small area around you.
You are robust. (+10% HP)


Message History

You now have 6270 gold pieces (gained 17).
Your extra speed is starting to run out.
There is a stone staircase leading up here.
You climb upwards.
There is a stone staircase leading down here.
Unknown command.
Unknown command.
You feel yourself slow down.
You see here 20 bolts.
There is an escape hatch in the ceiling here.
A mysterious force pulls you upwards. The hatch slams shut behind you.
Unknown command.
Unknown command.
Evoke which item? (* to show all) (? for menu, Esc to quit)
Press: ? - help, Shift-Dir - straight line A rock wall.
This square is covered in magical glow.
The rock shatters into small pieces.
There is a staircase leading out of the dungeon here.
You have escaped!

.# #.###.#######.......##
.#####.###.....##...#.##..##
............####...##..#.).##
###.######..#
#....##..#.#..## #.#
##.###..#.##.#..##..## #.#
#.##..#####.##.###..## #.#
#.##...####.#..# ##..##
#.#### #.##....#......# ##...
#....# #.###.@.#.####.# ##..
####.# #.##....#......# ##...
#.# #.##...####.##.# ##..##
#####.####.##..##
#.##.###..##
#........#..#...##
#....##..##
#.###.##.#####...###..#.#..##
#.# #.##.## ##...##..#...##
#.#
#.#...######...#.##.†#######
#.#
#..........##.......##......


There were no monsters in sight!

Vanquished Creatures
  5 orbs of fire
  An ancient lich (Zot:5)
  A juggernaut (Depths:2)
  Margery (Depths:5)
  4 Killer Klowns (Zot:5)
  Saint Roka (Orc:2)
  5 caustic shrikes (Depths:5)
  3 curse toes
  Nikola (Swamp:1)
  8 golden dragons
  5 electric golems
  Jorgrun (Orc:1)
  9 tentacled monstrosities
  22 Orb Guardians (Zot:5)
  6 titans
  6 quicksilver dragons
  An Executioner (D:3)
  3 tentacled starspawn (WizLab)
  Gastronok (Lair:1)
  4 death cobs
  Donald (Swamp:4)
  2 sphinxes
  4 storm dragons
  A draconian monk (Zot:1)
  6 shadow dragons
  A thorn hunter (Swamp:4)
  2 tengu reavers
  A fenstrider witch (shapeshifter) (Depths:2)
  An azure jelly (Depths:2)
  10 fire giants
  7 frost giants
  A deep elf sorcerer (Vaults:3)
  Aizul (Spider:4)
  7 vault wardens
  A draconian knight (Zot:5)
  5 emperor scorpions (Spider:4)
  Louise (Swamp:1)
  4 iron dragons
  4 draconian annihilators
  6 ghost moths
  4 spriggan defenders
  5 draconian stormcallers
  23 stone giants
  3 draconian shifters (Zot:5)
  15 ironheart preservers
  A deep elf elementalist (Vaults:5)
  2 vampire knights (Swamp:4)
  2 war gargoyles
  31 very ugly things
  2 deep elf demonologists (Depths:3)
  Nessos (D:12)
  7 green draconians
  6 black draconians
  5 bunyips
  4 purple draconians
  4 yellow draconians
  2 deep elf annihilators
  7 spark wasps
  5 white draconians
  16 ettins
  3 red draconians
  An eidolon (WizLab)
  2 green deaths (Depths:3)
  6 death oozes (Depths:2)
  6 shambling mangroves (Swamp:4)
  2 eleionomae (Swamp:4)
  3 deep elf high priests (Vaults:5)
  5 great orbs of eyes
  13 fire dragons
  3 jiangshi (Depths:4)
  24 yaktaur captains
  Fannar (D:10)
  6 rakshasas
  13 boulder beetles
  13 ice dragons
  34 vault guards
  15 hydras
  An anaconda (shapeshifter) (Vaults:1)
  A catoblepas (shapeshifter) (Depths:2)
  5 spriggan air magi
  15 ogre magi
  4 death knights
  13 centaur warriors
  3 tengu warriors
  47 two-headed ogres
  8 alligators
  Urug (Lair:5)
  3 vampire magi
  4 deep troll earth magi
  A death yak (D:11)
  8 deep troll shamans
  2 thrashing horrors (WizLab)
  6 spriggan berserkers
  An orc high priest (Orc:1)
  Sonja (Lair:1)
  3 deep elf knights
  A fire crab (shapeshifter) (Depths:2)
  7 iron trolls
  30 deep trolls
  17 hell knights
  2 salamander mystics (Depths:2)
  3 spectral hydras (Swamp:4)
  A torturous demonspawn (Depths:3)
  3 flayed ghosts
  7 wizards
  2 glowing orange brains
  6 goliath frogs
  3 spriggan druids
  2 deep elf archers
  A death drake (shapeshifter) (Depths:2)
  An orange crystal statue (Vaults:1)
  4 phantasmal warriors
  2 lindwurms
  24 wolf spiders
  2 obsidian statues
  6 swamp dragons
  12 ironbrand convokers
  3 bog bodies
  41 ugly things
  17 deep elf magi
  A harpy (Spider:2)
  9 orc knights
  15 orb spiders
  4 necromancers
  A frost giant zombie (Vaults:3)
  3 human zombies
  A mana viper (shapeshifter) (Vaults:4)
  6 orc sorcerers
  2 worldbinders (WizLab)
  A sphinx skeleton (WizLab)
  2 manticores
  2 will-o-the-wisps
  14 moths of wrath
  An elephant (shapeshifter) (Vaults:2)
  Maurice (Orc:1)
  7 salamanders
  3 molten gargoyles (Lair:6)
  A centaur zombie (D:14)
  A torpor snail (Lair:5)
  7 cyclopes
  7 black mambas
  3 smoke demons
  6 elephants
  Joseph (Lair:1)
  17 vault sentinels
  2 guardian serpents (shapeshifter)
  2 orange demons (Depths:3)
  2 cane toads (shapeshifter)
  A torpor snail (shapeshifter) (Vaults:3)
  9 cane toads
  2 ice statues (IceCv)
  8 komodo dragons
  A rust devil (Depths:5)
  5 spectral swamp worms (Depths:2)
  2 hellions
  2 rime drakes
  A yaktaur zombie (Vaults:2)
  5 kobold demonologists
  31 yaktaurs
  2 efreet (D:15)
  A tormentor (Depths:4)
  14 demonic crawlers
  A yaktaur (shapeshifter) (Vaults:3)
  12 freezing wraiths
  7 ice devils
  7 trolls
  A hellwing (Depths:3)
  A hydra zombie (Swamp:4)
  A wind drake (WizLab)
  25 jumping spiders
  6 tengu conjurers
  2 red devils (WizLab)
  A jumping spider (shapeshifter) (Vaults:3)
  33 hornets
  A meliai (shapeshifter) (Vaults:5)
  5 hydra skeletons (Swamp:4)
  2 tengu simulacra
  8 tyrant leeches
  18 slime creatures
  6 blink frogs (WizLab)
  A raiju (shapeshifter) (Depths:3)
  A sphinx simulacrum (Vaults:3)
  2 dream sheep (Lair:5)
  An ettin zombie (Vaults:2)
  A death drake skeleton (Swamp:4)
  63 redbacks
  A stone giant simulacrum (Vaults:1)
  Sigmund (D:4)
  14 spriggans
  3 ynoxinuls
  A shadow (D:11)
  5 wraiths
  50 yaks
  5 fire elementals
  7 wyverns
  14 humans (D:14)
  25 tarantellas
  5 basilisks
  A vampire (D:14)
  A fire bat (shapeshifter) (Vaults:3)
  3 spatial vortices (WizLab)
  7 vampire mosquitoes
  2 steam dragons
  A chaos spawn (WizLab)
  A neqoxec (Depths:3)
  11 swamp worms
  3 wargs
  2 large abominations (WizLab)
  15 water moccasins
  3 hydra simulacra (Swamp:4)
  22 hell hounds
  2 soldier ants (D:13)
  A floating eye (Depths:5)
  8 swamp drakes
  12 ice beasts
  39 orc warriors
  A swamp dragon zombie (Swamp:4)
  A hornet zombie (D:12)
  6 black bears
  A phantom (D:8)
  A sky beast (D:8)
  27 ogres
  3 boggarts
  7 wolves
  22 centaurs
  A big kobold (D:11)
  A human skeleton (Vaults:2)
  15 bullfrogs
  A small abomination (WizLab)
  8 scorpions
  4 killer bees (D:8)
  3 howler monkeys
  3 wights (D:10)
  3 electric eels (D:11)
  2 crimson imps (Depths:3)
  4 lava snakes (Lair:6)
  2 bullfrog zombies
  A draconian simulacrum (IceCv)
  12 jellies
  A quasit (D:7)
  12 orc priests
  5 hounds
  3 bullfrog skeletons
  7 centaur skeletons
  46 orc wizards
  Crazy Yiuf (D:6)
  4 iguanas
  11 worker ants
  A spriggan simulacrum (IceCv)
  A troll simulacrum (IceCv)
  2 bullfrog simulacra (D:11)
  A hound zombie (D:5)
  3 hound skeletons
  A howler monkey zombie (D:2)
  4 worker ant zombies
  Robin (D:3)
  2 naga simulacra (IceCv)
  9 adders
  6 gnolls
  4 ogre simulacra (IceCv)
  2 shadow imps
  6 white imps
  A worker ant simulacrum (D:11)
  2 ufetubi
  8 oozes
  2 adder skeletons
  3 worms
  5 dart slugs
  2 leopard geckos
  96 orcs
  10 giant cockroaches
  18 goblins
  10 hobgoblins
  10 jackals
  5 quokkas
  6 bats
  5 frilled lizards
  14 kobolds
  A leopard gecko skeleton (D:5)
  A quokka skeleton (D:4)
  3 quokka zombies
  9 rats
  3 briar patches (Swamp:4)
  A butterfly (Lair:4)
  A starspawn tentacle (WizLab)
1928 creatures vanquished.

Vanquished Creatures (collateral kills)
  An ancient lich (Vaults:5)
  An iron giant (shapeshifter) (Vaults:3)
  A tentacled monstrosity (Zot:2)
  Rupert (Lair:5)
  3 Orb Guardians (Zot:5)
  A titan (Vaults:5)
  A quicksilver dragon (Zot:1)
  A shadow dragon (Vaults:5)
  A tengu reaver (Vaults:5)
  An azure jelly (Depths:2)
  2 fire giants
  4 vault wardens
  A draconian knight (Zot:5)
  An emperor scorpion (Spider:4)
  A cacodemon (Depths:3)
  A draconian annihilator (Depths:5)
  2 ironheart preservers
  2 very ugly things
  3 entropy weavers
  3 stone giants
  A starcursed mass (WizLab)
  Azrael (D:12)
  A yellow draconian (Zot:5)
  An eleionoma (Swamp:2)
  A fire dragon (Vaults:5)
  An ogre mage (D:15)
  2 ice dragons
  2 vault guards
  3 hydras (Lair:1)
  2 centaur warriors
  5 two-headed ogres
  2 deep troll shamans
  A tengu warrior (D:14)
  A hell knight (Depths:3)
  A fire crab (Lair:5)
  A deep troll (Vaults:3)
  A deep elf archer (Vaults:5)
  A bog body (Swamp:2)
  2 ironbrand convokers (Vaults:1)
  An orc knight (Orc:1)
  2 orb spiders
  2 necromancers
  A deep elf mage (Vaults:5)
  3 ugly things
  A moth of wrath (Zot:4)
  An orc sorcerer (Orc:2)
  A black mamba (Lair:6)
  4 elephants (Lair:5)
  Psyche (D:9)
  A cane toad (Lair:2)
  A torpor snail (Spider:4)
  A komodo dragon (Lair:6)
  A demonic crawler (Spider:1)
  5 yaktaurs
  An ice devil (IceCv)
  A tengu conjurer (D:14)
  A meliai (shapeshifter) (Depths:2)
  2 jumping spiders (Spider:2)
  2 hornets
  A hydra skeleton (Swamp:4)
  3 dream sheep (Lair:5)
  5 redbacks
  4 tarantellas
  3 humans (D:14)
  3 yaks
  2 wargs (Orc:2)
  A swamp worm (Swamp:1)
  2 water moccasins (Lair:6)
  7 orc warriors
  A sky beast (D:8)
  2 ice beasts
  10 ogres
  2 wolves (Lair:6)
  3 boggarts (Vaults:1)
  10 centaurs
  2 wights
  A killer bee (D:8)
  A howler monkey (D:7)
  A hound (D:7)
  2 jellies
  A centaur skeleton (D:8)
  An orc priest (D:10)
  5 orc wizards
  A worker ant (D:11)
  A centaur simulacrum (IceCv)
  2 gnolls (D:3)
  A shadow imp (D:7)
  An ufetubus (D:8)
  An ooze (D:6)
  A leopard gecko (D:10)
  29 orcs
  A briar patch (Swamp:4)
206 creatures vanquished.

Vanquished Creatures (others)
  An eldritch tentacle (WizLab)
  A soul eater (Depths:3)
  An unseen horror (D:15)
  A wolf spider (Spider:1)
  A bloated husk (Swamp:3)
  A troll (shapeshifter) (Depths:1)
  A jumping spider (Spider:2)
  11 dancing weapons
  2 centaurs
  A quasit (Depths:3)
  An ufetubus (Depths:3)
  2 bushes
  14 foxfires
  90 fungi
  103 plants
  A starspawn tentacle (WizLab)
232 creatures vanquished.

Grand Total: 2366 creatures vanquished

Notes
Turn   | Place    | Note
-------+----------+-------------------------------------------
     0 | D:1      | hyperborean the Demonspawn Enchanter began the quest for
                  | the Orb.
     0 | D:1      | Reached XP level 1. HP: 13/13 MP: 3/3
    15 | D:1      | Reached skill level 1 in Short Blades
   207 | D:1      | Reached skill level 1 in Fighting
   219 | D:1      | Gained mutation: You are partially covered in molten
                  | scales. (AC +2) [demonic ancestry]
   219 | D:1      | Reached XP level 2. HP: 21/21 MP: 5/5
   462 | D:1      | Learned a level 2 spell: Ensorcelled Hibernation
  1294 | D:1      | Reached XP level 3. HP: 26/26 MP: 6/6
  1462 | D:1      | Learned a level 3 spell: Tukima's Dance
  1695 | D:2      | Reached skill level 1 in Ice Magic
  1981 | D:2      | Found a blossoming altar of Fedhas.
  2023 | D:2      | Found a hide-covered altar of Uskayaw.
  2083 | D:2      | Found a shimmering blue altar of Sif Muna.
  2214 | D:2      | Gained mutation: You have a pair of small horns on your
                  | head. [demonic ancestry]
  2214 | D:2      | Reached XP level 4. HP: 24/33 MP: 2/7
  2620 | D:2      | Found an opulent altar of Gozag.
  2627 | D:2      | Found a sparkling altar of Nemelex Xobeh.
  2655 | D:2      | Became a worshipper of Gozag Ym Sagoz the Greedy
  3358 | D:3      | You fall into a shaft and drop 1 floor!
  3446 | D:3      | Reached skill level 2 in Fighting
  3501 | D:3      | Reached XP level 5. HP: 35/38 MP: 8/8
  3631 | D:3      | Noticed Robin
  3664 | D:3      | Killed Robin
  4323 | D:3      | You fall into a shaft and drop 3 floors!
  4418 | D:5      | Entered Level 5 of the Dungeon
  4463 | D:5      | Gained mutation: A weak demonic guardian rushes to your
                  | aid. [demonic ancestry]
  4463 | D:5      | Reached XP level 6. HP: 45/45 MP: 9/9
  4920 | D:5      | Learned a level 3 spell: Confusing Touch
  5257 | D:4      | Noticed Sigmund
  5459 | D:4      | Gained mutation: You are immune to rotting. [demonic
                  | ancestry]
  5459 | D:4      | Reached XP level 7. HP: 51/51 MP: 8/11
  5690 | D:4      | Found Xoism's Weapon Shoppe.
  5701 | D:4      | Bought the cursed +1 rapier "Beetlebane" {flame, rC+ MR+}
                  | for 374 gold pieces
  5999 | D:4      | Reached skill level 3 in Fighting
  6184 | D:4      | Killed Sigmund
  7225 | D:6      | Found Nayn's Gadget Boutique.
  7547 | D:6      | Reached XP level 8. HP: 46/60 MP: 8/13
  7629 | D:6      | Bought a condenser vane for 440 gold pieces
  7799 | D:6      | Found a runed translucent door.
  7806 | D:6      | Noticed Crazy Yiuf
  7866 | D:6      | Killed Crazy Yiuf
  8445 | D:7      | Reached skill level 4 in Fighting
  8687 | D:7      | Reached skill level 5 in Hexes
  8722 | D:7      | Reached skill level 5 in Stealth
  8864 | D:7      | Found Yrphotet's Antique Armour Shop.
  8872 | D:7      | Bought a pair of gloves for 108 gold pieces
  8893 | D:7      | Found a staircase to the Ecumenical Temple.
  9551 | D:8      | Gained mutation: You are mostly covered in molten scales.
                  | (AC +3) [demonic ancestry]
  9551 | D:8      | Reached XP level 9. HP: 67/67 MP: 14/16
  9738 | D:8      | Reached skill level 5 in Fighting
 10153 | D:8      | Reached skill level 5 in Short Blades
 10153 | D:8      | Reached skill level 5 in Spellcasting
 10233 | D:8      | Found a burning altar of Makhleb.
 11006 | D:9      | Upgraded the game from 0.26-a0-852-g6321bf7485 to
                  | 0.26-a0-854-gdc81c2f471
 11178 | D:9      | Noticed Psyche
 11198 | D:9      | Killed Psyche
 11423 | D:9      | Reached skill level 5 in Ice Magic
 11605 | D:9      | Noticed a cyclops
 11804 | D:9      | Found a large runed translucent door.
 11804 | D:9      | Found a large runed translucent door.
 11811 | D:9      | Noticed a naga warrior
 11817 | D:9      | Noticed a cyclops
 12024 | D:9      | Noticed a cyclops
 12438 | D:10     | Entered Level 10 of the Dungeon
 12462 | D:9      | Reached skill level 6 in Fighting
 12929 | D:10     | Reached XP level 10. HP: 68/76 MP: 17/17
 13176 | D:10     | Found a staircase to the Lair.
 13474 | D:10     | Found a staircase to the Orcish Mines.
 14287 | D:11     | Reached skill level 7 in Fighting
 14370 | D:12     | Noticed Azrael
 14660 | D:12     | Noticed a naga mage
 14668 | D:12     | Noticed Nessos
 14676 | D:12     | Killed Nessos
 15041 | D:11     | Reached skill level 8 in Fighting
 15253 | D:11     | Reached XP level 11. HP: 75/86 MP: 18/18
 15393 | D:11     | Noticed a boulder beetle
 15420 | D:11     | Killed a boulder beetle
 15421 | D:11     | Reached skill level 1 in Evocations
 16160 | D:11     | Noticed a death yak
 16160 | D:11     | You fall into a shaft and drop 2 floors!
 16533 | D:11     | Killed a death yak
 16764 | Lair:1   | Entered Level 1 of the Lair of Beasts
 16764 | Lair:1   | Noticed an eight-headed hydra
 16772 | Lair:1   | Noticed a five-headed hydra
 16772 | Lair:1   | Noticed Sonja
 16778 | Lair:1   | Noticed a five-headed hydra
 16780 | Lair:1   | Killed a five-headed hydra
 16781 | Lair:1   | Reached skill level 9 in Fighting
 16839 | Lair:2   | Bought an ichor-stained broad axe for 297 gold pieces
 16839 | Lair:2   | Identified the +4 broad axe of Untimely Demise {flame, MR+
                  | SInv} (You bought it in a shop on level 2 of the Lair of
                  | Beasts)
 17513 | Lair:2   | Bought a runed dagger for 165 gold pieces
 17555 | Lair:2   | Found a staircase to the Swamp.
 17854 | Lair:1   | Killed Sonja
 18051 | Lair:1   | You fall into a shaft and drop 1 floor!
 18686 | Lair:3   | Gained mutation: You have a pair of horns on your head.
                  | [demonic ancestry]
 18686 | Lair:3   | Reached XP level 12. HP: 57/96 MP: 19/19
 19095 | Lair:3   | Found a runed translucent door.
 19133 | Lair:3   | Found a hole to the Spider Nest.
 19200 | Lair:3   | Reached skill level 5 in Evocations
 19893 | Lair:4   | Noticed a six-headed hydra
 19915 | Lair:4   | Killed a six-headed hydra
 19916 | Lair:4   | Reached skill level 10 in Stealth
 19943 | Lair:4   | Noticed a boulder beetle
 20148 | Lair:4   | Found a frozen archway.
 20152 | Lair:4   | Killed a boulder beetle
 20245 | IceCv    | Entered an ice cave
 21014 | IceCv    | Learned a level 3 spell: Dazzling Flash
 21367 | IceCv    | Reached skill level 10 in Short Blades
 21827 | IceCv    | Reached skill level 5 in Dodging
 21946 | IceCv    | Got a crystal spear
 21949 | IceCv    | Got a brightly glowing whip
 22001 | IceCv    | Identified the cursed +1 spear "Killer Klown's Foe" {venom,
                  | rF++} (You found it in an ice cave)
 22003 | IceCv    | Identified the +10 whip of Entrepreneurial Spirit {pain,
                  | *Rage Dex+5} (You found it in an ice cave)
 22053 | Lair:4   | Noticed a boulder beetle
 22060 | Lair:4   | Killed a boulder beetle
 22523 | Lair:4   | Got a blackened arbalest
 22525 | Lair:4   | Identified the cursed +1 arbalest of Floods {penet, rPois
                  | rC+ Dex+2} (You found it on level 4 of the Lair of Beasts)
 22984 | Lair:4   | Got a translucent glass ring
 23266 | Lair:5   | Gained mutation: A demonic guardian rushes to your aid.
                  | [demonic ancestry]
 23266 | Lair:5   | Reached XP level 13. HP: 101/101 MP: 11/20
 23290 | Lair:5   | Got a translucent ring mail
 23303 | Lair:5   | Identified the +5 ring mail of Coekkaick {MP+9 Dex+2} (You
                  | found it on level 5 of the Lair of Beasts)
 23313 | Lair:5   | Noticed Urug
 23441 | Lair:5   | Killed Urug
 23483 | Lair:5   | Noticed Rupert
 23496 | Lair:5   | Killed Rupert
 23497 | Lair:5   | Reached skill level 1 in Conjurations
 24219 | Lair:5   | Found a staircase to the Slime Pits.
 24595 | Lair:5   | Got a polished cloak
 24606 | Lair:5   | Identified the +0 cloak "Cuexkor" {rN+ Dex+3} (You found it
                  | on level 5 of the Lair of Beasts)
 25153 | Lair:5   | Got a heavily jewelled robe
 25164 | Lair:5   | Identified the +1 robe of the Salamander {-Tele Dex+3} (You
                  | found it on level 5 of the Lair of Beasts)
 25245 | Lair:6   | Entered Level 6 of the Lair of Beasts
 25436 | Lair:6   | Identified the ring of Patience {Wiz rPois} (You found it
                  | on level 4 of the Lair of Beasts)
 27189 | Lair:6   | Found a large runed translucent door.
 27189 | Lair:6   | Found a large runed translucent door.
 27244 | Lair:6   | Noticed a fire dragon
 27759 | Lair:1   | Reached XP level 14. HP: 108/108 MP: 20/21
 28031 | Lair:1   | Noticed Gastronok
 28033 | Lair:1   | Noticed Joseph
 28038 | Lair:1   | Killed Gastronok
 28044 | Lair:1   | Killed Joseph
 28090 | Lair:1   | Identified a scroll of acquirement
 28093 | Lair:1   | Acquired the ring "Efey" {Ice rPois rN++ MR+ Int-2}
 28692 | Orc:1    | Entered Level 1 of the Orcish Mines
 28692 | Orc:1    | Found a roughly hewn altar of Beogh.
 28692 | Orc:1    | Found Ebbeiv's Assorted Antiques.
 28692 | Orc:1    | Noticed Fannar
 28728 | D:10     | Killed Fannar
 28793 | Orc:1    | Found Ryub's Assorted Antiques.
 28793 | Orc:1    | Noticed Maurice
 28802 | Orc:1    | Killed Maurice
 28813 | Orc:1    | Bought a scroll of identify for 60 gold pieces
 28841 | Orc:2    | Entered Level 2 of the Orcish Mines
 28908 | Orc:2    | Found a staircase to the Elven Halls.
 28954 | Orc:1    | Noticed Jorgrun
 28989 | Orc:1    | Killed Jorgrun
 29059 | Orc:1    | Found Vuenuo Udwats's Distillery.
 29152 | Orc:1    | Found Zowopiuson's Distillery.
 29155 | Orc:1    | Bought a potion of heal wounds for 65 gold pieces
 29155 | Orc:1    | Bought a potion of curing for 39 gold pieces
 29155 | Orc:1    | Bought a potion of curing for 39 gold pieces
 29158 | Orc:1    | Bought a potion of curing for 39 gold pieces
 29158 | Orc:1    | Bought a potion of berserk rage for 65 gold pieces
 29165 | Orc:1    | Found Fiyboi's Distillery.
 29195 | Orc:1    | Found a flagged portal.
 29228 | Bailey   | Entered a bailey
 30145 | Bailey   | Identified the Tome of the Escort and Ignition
 30328 | Orc:1    | Bought 2 potions of berserk rage for 120 gold pieces
 30419 | Orc:1    | Found a runed translucent gate.
 30420 | Orc:1    | Found a runed translucent gate.
 30420 | Orc:1    | Found a runed translucent gate.
 30424 | Orc:1    | Noticed Sin92's ghost (journeyman DsFi)
 30530 | Orc:1    | Found a roughly hewn altar of Beogh.
 31636 | Orc:2    | Found a roughly hewn altar of Beogh.
 31774 | Orc:2    | Noticed Saint Roka
 31806 | Orc:2    | Reached skill level 10 in Hexes
 31914 | Orc:2    | Killed Saint Roka
 32096 | Orc:2    | Found Qaats's General Store.
 32096 | Orc:2    | Found Vuofik's Jewellery Emporium.
 32298 | Orc:2    | Found Foizaedd's Antique Weapon Shop.
 32298 | Orc:2    | Found Hiale's Antique Armour Emporium.
 32303 | Orc:2    | Bought a glaive for 182 gold pieces
 32303 | Orc:2    | Bought a shimmering short sword for 224 gold pieces
 32310 | Orc:2    | Identified the cursed +0 short sword of the Kidney {pain,
                  | MR+ Stlth+} (You bought it in a shop on level 2 of the
                  | Orcish Mines)
 32324 | Orc:2    | Bought a pair of embroidered boots for 202 gold pieces
 32345 | Orc:2    | Bought an ancient robe for 153 gold pieces
 32355 | Orc:2    | Identified the cursed +1 robe "Vaefat" {MR- Str+6 Stlth+}
                  | (You bought it in a shop on level 2 of the Orcish Mines)
 33314 | D:12     | Acquired a +0 pair of gloves of dexterity
 33532 | D:12     | Killed Azrael
 34040 | D:13     | Reached skill level 10 in Dodging
 34204 | D:13     | Found Mumoxi's Jewellery Shoppe.
 34401 | D:13     | Bought the ring of Xapnak {rElec rN+} for 442 gold pieces
 34517 | D:13     | Found Bukaxufi's Assorted Antiques.
 34614 | D:13     | Found Ykiel's Jewellery Boutique.
 34678 | D:13     | Bought the ring "Xoasass" {rPois rF+ Int-2 Dex+4} for 646
                  | gold pieces
 34740 | D:14     | Gained mutation: Your flesh is cold resistant. (rC+)
                  | [demonic ancestry]
 34740 | D:14     | Reached XP level 15. HP: 114/114 MP: 22/22
 35247 | D:14     | Found a gate to the Vaults.
 36110 | D:15     | Entered Level 15 of the Dungeon
 36564 | D:15     | Found an opulent altar of Gozag.
 37045 | D:15     | Found a staircase to the Depths.
 38023 | D:15     | Found Gozag's Platinum Reserve.
 38309 | Lair:4   | Bought the +7 pair of quick blades "Gyre" and "Gimble"
                  | {protect} for 780 gold pieces
 38309 | Lair:4   | Found the +7 pair of quick blades "Gyre" and "Gimble"
                  | {protect}
 38389 | Swamp:1  | Entered Level 1 of the Swamp
 38786 | Swamp:1  | Noticed Louise
 38799 | Swamp:1  | Killed Louise
 38800 | Swamp:1  | Reached skill level 1 in Armour
 38975 | Swamp:1  | Noticed Nikola
 39000 | Swamp:1  | Killed Nikola
 39011 | Swamp:1  | Reached skill level 10 in Fighting
 39201 | Swamp:1  | Noticed Roxanne
 40135 | Swamp:2  | Reached XP level 16. HP: 104/123 MP: 23/23
 41882 | Swamp:4  | Entered Level 4 of the Swamp
 41908 | Swamp:4  | Reached skill level 11 in Fighting
 41927 | Swamp:4  | Reached skill level 5 in Armour
 42056 | Swamp:4  | Identified the +1 kite shield "Rairamm" {Int+2}
 42056 | Swamp:4  | Noticed Donald
 42088 | Swamp:4  | Killed Donald
 43852 | Swamp:4  | Noticed a thorn hunter
 44146 | Swamp:4  | Killed a thorn hunter
 44292 | Swamp:4  | Reached skill level 12 in Fighting
 44297 | Swamp:4  | Found a blossoming altar of Fedhas.
 44477 | Swamp:4  | Found a basalt altar of Yredelemnul.
 44811 | Swamp:4  | Got a decaying rune of Zot
 45524 | Spider:1 | Entered Level 1 of the Spider Nest
 45706 | Spider:1 | Gained mutation: You have a pair of large horns on your
                  | head. [demonic ancestry]
 45706 | Spider:1 | Reached XP level 17. HP: 133/133 MP: 24/24
 47105 | Spider:3 | Found a runed translucent door.
 47105 | Spider:3 | Noticed Qwerk's ghost (adept DEAE)
 47346 | Spider:3 | Reached skill level 13 in Fighting
 48302 | Spider:4 | Entered Level 4 of the Spider Nest
 48302 | Spider:4 | Noticed Aizul
 48527 | Spider:4 | Killed Aizul
 50748 | Spider:4 | Got a gossamer rune of Zot
 51092 | Vaults:1 | Entered Level 1 of the Vaults
 51113 | Vaults:1 | Reached XP level 18. HP: 132/145 MP: 25/25
 51159 | Vaults:1 | Reached skill level 10 in Armour
 51522 | Vaults:1 | Reached skill level 14 in Fighting
 53939 | Vaults:2 | Reached skill level 15 in Fighting
 54118 | Vaults:2 | Reached skill level 15 in Dodging
 54604 | Vaults:2 | Gained mutation: You are completely covered in molten
                  | scales. (AC +4, rF+) [demonic ancestry]
 54604 | Vaults:2 | Reached XP level 19. HP: 117/155 MP: 26/26
 54932 | Vaults:2 | Found a staircase to the Crypt.
 55619 | Vaults:3 | Learned a level 4 spell: Cause Fear
 56154 | Vaults:3 | Reached skill level 16 in Fighting
 57196 | Vaults:3 | Found the +8 glaive of the Guard {elec, +Rage AC+5 SInv}
 57266 | Vaults:3 | Noticed a shard shrike
 57266 | Vaults:3 | Noticed a juggernaut
 57266 | Vaults:3 | a shard shrike changed into a juggernaut
 57267 | Vaults:3 | Noticed a golden dragon
 57267 | Vaults:3 | a juggernaut changed into a golden dragon
 57281 | Vaults:3 | Noticed an iron giant
 57281 | Vaults:3 | a golden dragon changed into an iron giant
 57285 | Vaults:3 | Killed an iron giant
 58227 | Vaults:4 | Reached XP level 20. HP: 166/166 MP: 27/27
 59329 | Depths:1 | Entered Level 1 of the Depths
 59623 | Depths:1 | Found Sagona Hihom's Gadget Shoppe.
 59624 | Depths:1 | Found a magical portal.
 59628 | WizLab   | Entered The Roulette of Golubria
 59628 | WizLab   | Found a transporter.
 59675 | WizLab   | Found a corrupted altar of Lugonu.
 59692 | WizLab   | Found a transporter.
 59707 | WizLab   | Found a transporter.
 59748 | WizLab   | Found a corrupted altar of Lugonu.
 59796 | WizLab   | Found a transporter.
 59796 | WizLab   | Found a transporter.
 59860 | WizLab   | Found a transporter.
 59888 | WizLab   | Found a transporter.
 59902 | WizLab   | Found a transporter.
 59924 | WizLab   | Found a transporter.
 59975 | WizLab   | Found a transporter.
 60064 | WizLab   | Found a transporter.
 60127 | WizLab   | Found a transporter.
 60304 | WizLab   | Identified Golubria's Collected Works on the Traveller
 60314 | WizLab   | Got a dazzling cloak
 60514 | WizLab   | Got an encrusted cloak
 60525 | WizLab   | Identified the +2 cloak of Kumytiju {rC++ SInv} (You found
                  | it in a wizard's laboratory)
 60538 | WizLab   | Identified the +3 cloak "Suffu" {Str+4} (You found it in a
                  | wizard's laboratory)
 60604 | WizLab   | Found a transporter.
 60604 | WizLab   | Found a transporter.
 60652 | WizLab   | Found a transporter.
 60652 | WizLab   | Found a transporter.
 60673 | WizLab   | Reached skill level 17 in Fighting
 60713 | WizLab   | Found a transporter.
 60754 | WizLab   | Found a transporter.
 60754 | WizLab   | Found a transporter.
 60798 | WizLab   | Identified Golubria's Tome of the Traveller
 60810 | WizLab   | Learned a level 2 spell: Blink
 60849 | WizLab   | Found a transporter.
 60907 | WizLab   | Reached skill level 1 in Translocations
 61421 | Orc:1    | Bought a potion of might for 52 gold pieces
 61435 | Orc:1    | Bought a potion of mutation for 112 gold pieces
 61435 | Orc:1    | Bought a potion of berserk rage for 70 gold pieces
 63433 | Depths:1 | Found a gateway to Hell.
 63615 | Depths:1 | Found the macabre finger necklace {rN+}
 63896 | Depths:1 | Got a pair of spiked gloves
 63907 | Depths:1 | Identified the +2 pair of gloves of Nihilism {MR+++ Str-4
                  | Int+4 SInv} (You found it on level 1 of the Depths)
 63924 | Depths:1 | Upgraded the game from 0.26-a0-854-gdc81c2f471 to
                  | 0.26-a0-858-gbf766624f9
 64205 | Depths:2 | Gained mutation: You may emit foul miasma when damaged in
                  | melee. [demonic ancestry]
 64205 | Depths:2 | Reached XP level 21. HP: 171/175 MP: 28/28
 64228 | Depths:2 | Noticed a juggernaut
 64287 | Depths:2 | Killed a juggernaut
 64721 | Depths:2 | Reached skill level 5 in Translocations
 66102 | Depths:2 | Identified the cursed ring of Gaeniaj {rElec EV-4 Str-2
                  | SInv Stlth+}
 66427 | Depths:2 | Reached skill level 18 in Fighting
 66815 | Depths:2 | Reached skill level 15 in Armour
 67186 | Depths:2 | Found a viscous altar of Jiyva.
 69153 | Depths:3 | Reached XP level 22. HP: 185/185 MP: 29/29
 69905 | Depths:3 | Found Juklajoc's Weapon Shoppe.
 69907 | Depths:3 | Identified the +4 ring mail "Vaenetuq" {+Blink rElec rPois}
                  | (You found it on level 3 of the Depths)
 70110 | Depths:3 | Found Fammamp's General Store.
 70565 | Depths:3 | Found a runed translucent door.
 70573 | Depths:3 | Found a runed translucent door.
 70628 | Depths:3 | Found a burning altar of Makhleb.
 70636 | Depths:3 | Gained mutation: You tend to lose your temper in combat. [a
                  | cacodemon]
 71051 | Depths:3 | Found a one-way gate leading to the halls of Pandemonium.
 72534 | Depths:4 | Noticed a golden dragon
 72549 | Depths:4 | Killed a golden dragon
 73098 | Depths:4 | Noticed a golden dragon
 73182 | Depths:3 | Reached skill level 19 in Fighting
 73401 | Depths:4 | Killed a golden dragon
 73672 | Depths:4 | Found a gateway to a ziggurat.
 73684 | Depths:4 | Paralysed by a floating eye for 3 turns
 73690 | Depths:4 | Paralysed by a floating eye for 4 turns
 73699 | Depths:4 | Paralysed by a floating eye for 4 turns
 73704 | Depths:4 | Paralysed by a floating eye for 4 turns
 73711 | Depths:4 | Paralysed by a floating eye for 4 turns
 73717 | Depths:4 | Paralysed by a floating eye for 4 turns
 73726 | Depths:4 | Paralysed by a floating eye for 4 turns
 73731 | Depths:4 | Paralysed by a floating eye for 4 turns
 73736 | Depths:4 | Paralysed by a floating eye for 4 turns
 73743 | Depths:4 | Paralysed by a floating eye for 4 turns
 73750 | Depths:4 | Paralysed by a floating eye for 2 turns
 73758 | Depths:4 | Paralysed by a floating eye for 2 turns
 73761 | Depths:4 | Paralysed by a floating eye for 4 turns
 73770 | Depths:4 | Paralysed by a floating eye for 3 turns
 73781 | Depths:4 | Paralysed by a floating eye for 4 turns
 73786 | Depths:4 | Paralysed by a floating eye for 2 turns
 73791 | Depths:4 | Paralysed by a floating eye for 2 turns
 73797 | Depths:4 | Paralysed by a floating eye for 4 turns
 73802 | Depths:4 | Paralysed by a floating eye for 4 turns
 73813 | Depths:4 | Paralysed by a floating eye for 2 turns
 73822 | Depths:4 | Paralysed by a floating eye for 4 turns
 73827 | Depths:4 | Paralysed by a floating eye for 2 turns
 73831 | Depths:4 | Paralysed by a floating eye for 4 turns
 73847 | Depths:4 | Paralysed by a floating eye for 4 turns
 73856 | Depths:4 | Paralysed by a floating eye for 3 turns
 73864 | Depths:4 | Paralysed by a floating eye for 4 turns
 73872 | Depths:4 | Paralysed by a floating eye for 3 turns
 73877 | Depths:4 | Paralysed by a floating eye for 3 turns
 73887 | Depths:4 | Paralysed by a floating eye for 3 turns
 73893 | Depths:4 | Paralysed by a floating eye for 2 turns
 73898 | Depths:4 | Paralysed by a floating eye for 4 turns
 73904 | Depths:4 | Paralysed by a floating eye for 3 turns
 73910 | Depths:4 | Paralysed by a floating eye for 3 turns
 73918 | Depths:4 | Paralysed by a floating eye for 3 turns
 73925 | Depths:4 | Paralysed by a floating eye for 3 turns
 73931 | Depths:4 | Paralysed by a floating eye for 2 turns
 73941 | Depths:4 | Paralysed by a floating eye for 3 turns
 73947 | Depths:4 | Paralysed by a floating eye for 2 turns
 73952 | Depths:4 | Paralysed by a floating eye for 2 turns
 73957 | Depths:4 | Paralysed by a floating eye for 3 turns
 73962 | Depths:4 | Paralysed by a floating eye for 2 turns
 73969 | Depths:4 | Paralysed by a floating eye for 3 turns
 73977 | Depths:4 | Paralysed by a floating eye for 3 turns
 73984 | Depths:4 | Paralysed by a floating eye for 3 turns
 73990 | Depths:4 | Paralysed by a floating eye for 2 turns
 73993 | Depths:4 | Paralysed by a floating eye for 4 turns
 74003 | Depths:4 | Paralysed by a floating eye for 4 turns
 74009 | Depths:4 | Paralysed by a floating eye for 3 turns
 74013 | Depths:4 | Paralysed by a floating eye for 3 turns
 74017 | Depths:4 | Paralysed by a floating eye for 3 turns
 74024 | Depths:4 | Paralysed by a floating eye for 2 turns
 74030 | Depths:4 | Paralysed by a floating eye for 2 turns
 74034 | Depths:4 | Paralysed by a floating eye for 3 turns
 74038 | Depths:4 | Paralysed by a floating eye for 4 turns
 74045 | Depths:4 | Paralysed by a floating eye for 2 turns
 74051 | Depths:4 | Paralysed by a floating eye for 2 turns
 74054 | Depths:4 | Paralysed by a floating eye for 3 turns
 74063 | Depths:4 | Paralysed by a floating eye for 4 turns
 74068 | Depths:4 | Paralysed by a floating eye for 2 turns
 74071 | Depths:4 | Paralysed by a floating eye for 2 turns
 74078 | Depths:4 | Paralysed by a floating eye for 3 turns
 74086 | Depths:4 | Paralysed by a floating eye for 4 turns
 74092 | Depths:4 | Paralysed by a floating eye for 3 turns
 74098 | Depths:4 | Paralysed by a floating eye for 2 turns
 74103 | Depths:4 | Paralysed by a floating eye for 3 turns
 74109 | Depths:4 | Paralysed by a floating eye for 2 turns
 74114 | Depths:4 | Paralysed by a floating eye for 3 turns
 74126 | Depths:4 | Found a one-way gate to the infinite horrors of the Abyss.
 74558 | Depths:4 | Paralysed by a floating eye for 3 turns
 74569 | Depths:4 | Paralysed by a floating eye for 4 turns
 74576 | Depths:4 | Paralysed by a floating eye for 4 turns
 74581 | Depths:4 | Paralysed by a floating eye for 3 turns
 74586 | Depths:4 | Paralysed by a floating eye for 4 turns
 74751 | Depths:5 | Entered Level 5 of the Depths
 74891 | Depths:4 | Paralysed by a floating eye for 2 turns
 74895 | Depths:4 | Paralysed by a floating eye for 3 turns
 74900 | Depths:4 | Paralysed by a floating eye for 4 turns
 74905 | Depths:4 | Paralysed by a floating eye for 2 turns
 74909 | Depths:4 | Paralysed by a floating eye for 2 turns
 74914 | Depths:4 | Paralysed by a floating eye for 4 turns
 74919 | Depths:4 | Paralysed by a floating eye for 2 turns
 74924 | Depths:4 | Paralysed by a floating eye for 4 turns
 74931 | Depths:4 | Paralysed by a floating eye for 3 turns
 74937 | Depths:4 | Paralysed by a floating eye for 3 turns
 74943 | Depths:4 | Paralysed by a floating eye for 4 turns
 74949 | Depths:4 | Paralysed by a floating eye for 4 turns
 74956 | Depths:4 | Paralysed by a floating eye for 4 turns
 74963 | Depths:4 | Paralysed by a floating eye for 4 turns
 74970 | Depths:4 | Paralysed by a floating eye for 4 turns
 75323 | Depths:4 | Bought a +2 pair of boots of running for 788 gold pieces
 75358 | Depths:4 | Paralysed by a floating eye for 2 turns
 75362 | Depths:4 | Paralysed by a floating eye for 2 turns
 75371 | Depths:4 | Paralysed by a floating eye for 4 turns
 75378 | Depths:4 | Paralysed by a floating eye for 2 turns
 75384 | Depths:4 | Paralysed by a floating eye for 2 turns
 75390 | Depths:4 | Paralysed by a floating eye for 2 turns
 75399 | Depths:4 | Paralysed by a floating eye for 3 turns
 75406 | Depths:4 | Paralysed by a floating eye for 2 turns
 75413 | Depths:4 | Paralysed by a floating eye for 2 turns
 75418 | Depths:4 | Paralysed by a floating eye for 4 turns
 75424 | Depths:4 | Paralysed by a floating eye for 2 turns
 75429 | Depths:4 | Paralysed by a floating eye for 3 turns
 76204 | Depths:5 | Noticed a golden dragon
 76230 | Depths:5 | Killed a golden dragon
 76239 | Depths:5 | Noticed Margery
 76332 | Depths:5 | Lost mutation: You tend to lose your temper in combat.
                  | [potion of mutation]
 76332 | Depths:5 | Gained mutation: You are agile. (Dex +2) [potion of
                  | mutation]
 76332 | Depths:5 | Gained mutation: You passively map a small area around you.
                  | [potion of mutation]
 76332 | Depths:5 | Gained mutation: You are robust. (+10% HP) [potion of
                  | mutation]
 76332 | Depths:5 | Gained mutation: Your mind is acute. (Int +2) [potion of
                  | mutation]
 76596 | Depths:5 | Noticed a caustic shrike
 76597 | Depths:5 | Noticed a caustic shrike
 76597 | Depths:5 | Noticed a caustic shrike
 76598 | Depths:5 | Noticed a caustic shrike
 76598 | Depths:5 | Noticed a caustic shrike
 76604 | Depths:5 | Killed a caustic shrike
 76620 | Depths:5 | Killed a caustic shrike
 76621 | Depths:5 | Gained mutation: A powerful demonic guardian rushes to your
                  | aid. [demonic ancestry]
 76621 | Depths:5 | Reached XP level 23. HP: 205/213 MP: 30/30
 76638 | Depths:5 | Killed a caustic shrike
 76647 | Depths:5 | Killed a caustic shrike
 76664 | Depths:5 | Killed Margery
 76668 | Depths:5 | Killed a caustic shrike
 76913 | Depths:5 | Acquired 693 gold pieces
 76920 | Depths:5 | Found a gate to the Realm of Zot.
 77212 | Depths:5 | Upgraded the game from 0.26-a0-858-gbf766624f9 to
                  | 0.26-a0-863-g3bff4b215c
 77260 | Depths:5 | Bought a heavily runed chain mail for 446 gold pieces
 77260 | Depths:5 | Bought a potion of heal wounds for 235 gold pieces
 77271 | Depths:5 | Identified the +1 chain mail "Niubayn" {MR+ rCorr Dex-3}
                  | (You bought it in a shop on level 5 of the Depths)
 77581 | Orc:2    | Bought a steaming scale mail for 243 gold pieces
 77581 | Orc:2    | Bought a black opal-encrusted chain mail for 256 gold
                  | pieces
 77591 | Orc:2    | Identified the +6 scale mail of Winter {rC+ Int+2} (You
                  | bought it in a shop on level 2 of the Orcish Mines)
 77602 | Orc:2    | Identified the +5 chain mail of Qainass {rN+} (You bought
                  | it in a shop on level 2 of the Orcish Mines)
 78032 | Vaults:5 | Entered Level 5 of the Vaults
 78252 | Vaults:5 | Noticed an ancient lich
 78302 | Vaults:5 | Killed an ancient lich
 78418 | Vaults:5 | Reached skill level 20 in Fighting
 78807 | Vaults:5 | Got a silver rune of Zot
 79171 | Vaults:5 | Learned a level 5 spell: Silence
 79479 | Vaults:5 | Identified the +8 quarterstaff of Fiuttid {vorpal, Str+3}
 79628 | Vaults:5 | Learned a level 4 spell: Passage of Golubria
 79928 | Vaults:5 | Reached skill level 1 in Air Magic
 79982 | Vaults:5 | Got a spiked cloak
 79993 | Vaults:5 | Identified the +1 cloak "Feru Rer" {rF- rC++ Slay+4} (You
                  | found it on level 5 of the Vaults)
 80086 | Vaults:5 | Gained mutation: You are immune to freezing clouds.
                  | [demonic ancestry]
 80086 | Vaults:5 | Reached XP level 24. HP: 154/225 MP: 30/30
 80940 | Vaults:5 | Bought a heavily runed troll leather armour for 620 gold
                  | pieces
 80954 | Vaults:5 | Identified the +8 troll leather armour "Cirada" {Regen+
                  | rCorr} (You bought it in a shop on level 5 of the Vaults)
 80961 | Vaults:5 | Bought a scroll of blinking for 232 gold pieces
 80961 | Vaults:5 | Bought a glimmering plate armour for 868 gold pieces
 80971 | Vaults:5 | Identified the +10 plate armour of Twilight {rPois Str+4
                  | Dex-5} (You bought it in a shop on level 5 of the Vaults)
 81381 | Zot:1    | Entered Level 1 of the Realm of Zot
 81467 | Zot:1    | Reached skill level 5 in Air Magic
 82573 | Zot:4    | Noticed an orb of fire
 82577 | Zot:4    | Lost mutation: You are agile. (Dex +2) [an orb of fire]
 82584 | Zot:4    | Killed an orb of fire
 83701 | Zot:5    | Entered Level 5 of the Realm of Zot
 83920 | Zot:5    | Reached skill level 21 in Fighting
 84735 | Zot:5    | Noticed an orb of fire
 84737 | Zot:5    | Gained mutation: You tend to lose your temper in combat.
                  | [an orb of fire]
 84899 | Zot:5    | Killed an orb of fire
 84900 | Zot:5    | Reached XP level 25. HP: 171/235 MP: 30/30
 84903 | Zot:5    | Noticed an ancient lich
 84920 | Zot:5    | Killed an ancient lich
 85052 | Zot:5    | Noticed an orb of fire
 85060 | Zot:5    | Lost mutation: Your mind is acute. (Int +2) [an orb of
                  | fire]
 85069 | Zot:5    | Killed an orb of fire
 85296 | Zot:5    | Noticed an orb of fire
 85311 | Zot:5    | Gained mutation: Your magical capacity is low. (-10% MP)
                  | [an orb of fire]
 85321 | Zot:5    | Killed an orb of fire
 85362 | Zot:5    | Noticed an orb of fire
 85429 | Zot:5    | Killed an orb of fire
 85430 | Zot:5    | Reached skill level 10 in Evocations
 85541 | Zot:5    | Noticed a Killer Klown
 85541 | Zot:5    | Noticed a Killer Klown
 85571 | Zot:5    | Killed a Killer Klown
 85582 | Zot:5    | Killed a Killer Klown
 85751 | Zot:5    | Noticed a Killer Klown
 85766 | Zot:5    | Killed a Killer Klown
 85769 | Zot:5    | Noticed a Killer Klown
 85795 | Zot:5    | Killed a Killer Klown
 87089 | Zot:5    | Got the Orb of Zot
 87603 | D:4      | Noticed Rewu the pandemonium lord
 87683 | D:$      | Escaped with the Orb!

Illustrated notes

Levels and vault maps discovered:
D:1:      dpeg_chamrin_arrival_tetris, layout_loops_ring
D:2:      layout_basic, grunt_temple_overflow_opulence, marbit_many_paths,
          minitemple
D:3:      layout_loops_cross, uniq_robin
D:4:      layout_basic, serial_shops, nicolae_shop_crystal, kennysheep_nub,
          uniq_sigmund
D:5:      layout_loops_ring
D:6:      layout_layer_cave, serial_shops, kennysheep_little_box,
          uniq_crazy_yiuf_cottage
D:7:      layout_basic, minmay_temple_entry_mini_moons, serial_shops,
          nicolae_shop_overgrown_old_shop
D:8:      layout_basic, general_overflow_altar
D:9:      okawaru_arena_lexackson, layout_cave_pods, uniq_psyche
D:10:     layout_basic, due_lair_maze_entry_diamond, david_orc_4
D:11:     layout_basic, serial_ice, serial_ice_i, serial_ice_c, serial_ice_m,
          serial_ice_o
D:12:     evilmike_library_of_no_secrets, layout_layer_cave, serial_glass,
          glass_columns_a, glass_columns_b, glass_columns_c, glass_columns_b,
          glass_columns_a, glass_columns_b, the_bakery, uniq_nessos, uniq_azrael
D:13:     layout_loops_ring, serial_shops, shop, shop, nicolae_shop_waterfront,
          nicolae_twisting_strands
D:14:     layout_irregular_city, grunt_vaults_entry_tiered,
          chequers_serial_rivers_micro_b
D:15:     hangedman_depths_entry_civil_slaughter, layout_rooms,
          nicolae_gozag_zags_fifth_avenue
Lair:1:   layout_cave_pods, serial_bayou_shore_b, infiniplex_staircase_pool_2,
          uniq_sonja, uniq_joseph, uniq_gastronok
Lair:2:   layout_long_grid, swamp_mist, lemuel_fruit_fields
Lair:3:   gammafunk_mikee_crab_dinner, layout_regular_city,
          nicolae_spider_entry_non_spiders, serial_bayou_crossing
Lair:4:   layout_hall_layers, portal_ice_cave_entry_ice_beasts,
          grunt_megastairs_4, lemuel_fruit_fields
Lair:5:   layout_regular_city, nicolae_slime_entry_slimehenge, uniq_urug,
          uniq_rupert
Lair:6:   cheibrodos_lair_end_hotspot, layout_small_grid, gauntlet_entry_generic
Swamp:1:  layout_falls_marsh, hangedman_swamp_lotus, swamp_pool2,
          nicolae_swamp_little_tower, infiniplex_staircase_pool, uniq_louise,
          uniq_roxanne, uniq_nikola
Swamp:2:  layout_basic_swamp, hangedman_swamp_diagram, swamp_pool5
Swamp:3:  layout_basic_swamp, serial_swamp_ruin, evilmike_swamp_ruin_house_2,
          evilmike_swamp_ruin_house_5, swamp_pool2,
          nicolae_swamp_alligator_family
Swamp:4:  byrel_swamp_growth_death_and_undeath, layout_basic_swamp, uniq_donald
Spider:1: layout_spider_delve, drop_trap, nicolae_spider_shape
Spider:2: layout_spider_delve
Spider:3: layout_chambers, gammafunk_ghost_grave
Spider:4: guppyfry_spider_rune, uniq_aizul
Orc:1:    layout_diamond_mine, enter_bailey_7, gammafunk_ghost_necromancy,
          basic_altar, serial_shops, shop, shop, shop, shop,
          nicolae_shop_behind_doors, nicolae_orc_rockfall, bh_open_orc_temple,
          uniq_fannar, uniq_maurice, uniq_jorgrun
Orc:2:    st_orc_town, layout_diamond_mine, uniq_saint_roka
Vaults:1: vaults_dpeg_ring, nicolae_vaults_statue_guard,
          hangedman_vaults_corner_blocks, vaults_room_pools, v_misc_25,
          v_misc_26, vaults_room_pools, ontoclasm_vaults_eye,
          layout_vaults_omnigrid
Vaults:2: ontoclasm_vaults_gateway, hangedman_vaults_river_flow,
          nicolae_vaults_shelves_hall, vaults_dpeg_hooks,
          blue_anna_dwarven_crypt, v_misc_26, nicolae_vaults_know_your_exits,
          vaults_room_boxed, vaults_room_grid, v_rooms_4,
          ontoclasm_vaults_pinch, layout_vaults_ring
Vaults:3: v_rooms_5, v_rooms_1, v_rooms_4, minmay_guarded_unrand_guard_vaults,
          v_misc_32, nicolae_vaults_big_ls, hangedman_vaults_nodes,
          nicolae_vaults_asterisk, layout_vaults_maze_bifur
Vaults:4: hangedman_vaults_stagger, nicolae_vaults_little_squares_5,
          vaults_mumra_hex, grunt_vaults_focal, v_misc_4,
          nicolae_vaults_network_s, nicolae_vaults_little_squares_2,
          layout_vaults_omnicross
Vaults:5: serial_shops
Depths:1: layout_cave_pools, grunt_hell_horde, serial_shops,
          nicolae_shop_waterfront, mu_enter_wizlab_4, minmay_multi_spiral
Depths:2: minmay_the_grid_octo_tiled_squarecenter_mashed
          [minmay_the_grid_octo_clover_2, minmay_the_grid_octo_checkered,
          minmay_the_grid_octo_teeth, minmay_the_grid_octo_fan_narrow,
          minmay_the_grid_square_5x5_megaprize_checkered,
          minmay_the_grid_square_5x5_half_checkered,
          minmay_the_grid_square_5x5_slash, minmay_the_grid_square_5x5_comb,
          minmay_the_grid_square_5x5_misaligned], layout_basic, special_room
          [special_room_jelly], pf_hell_entry_tar_river
Depths:3: evilmike_makhleb_hellhole, layout_basic, serial_shops,
          nicolae_shop_stone, shop, serial_sigils,
          serial_sigils_hangedman_confine, serial_sigils_hangedman_writhe,
          serial_sigils_hangedman_leer, serial_sigils_hangedman_gnaw,
          serial_sigils_hangedman_scar, grunt_pan_entry_zigzag,
          serial_bayou_pond_e, hell_entry, ebering_dispersal_statue_hall,
          minmay_stone_trees_small
Depths:4: lemuel_flame_loot_2, layout_cave_pools, enter_ziggurat_d,
          hangedman_decor_points, hell_entry, abyss_entry, serial_column_ruins,
          column_ruins_hut, column_ruins_corridor_dead_end,
          column_ruins_open_tiny, column_ruins_open_small,
          column_ruins_columns_dead_end, column_ruins_columns_corner,
          column_ruins_open_small, column_ruins_columns_straight,
          lemuel_flamethrower_2
Depths:5: evilmike_zot_entry_argh, layout_cross, grunt_hell_entry_dis_mu,
          hex_medium, uniq_margery
Zot:1:    layout_basic
Zot:2:    layout_onion_interference
Zot:3:    layout_basic, hangedman_zot_decor_scrapings
Zot:4:    kennysheep_ambush_hall, layout_onion, gammafunk_ghost_cemetery
Zot:5:    layout_misc_corridors

Skill      XL: |  1  2  3  4  5  6  7  8  9 10 11 12 13 14 15 16 17 18 19 20 21 22 23 24 25 |
---------------+----------------------------------------------------------------------------+-----
Short Blades   | 1 2 3 4 5 7 8 11 12 13 | 13.5
Fighting       | 1 2 3 4 6 8 9 10 12 13 15 16 17 18 19 20 21 | 21.7
Ice Magic      | 1 2 3 4 5 7 9 |  9.1
Stealth        | 3 4 5 6 8 9 10 | 10.0
Spellcasting   | 3 4 5 |  5.0
Hexes          | 4 5 6 7 8 10 11 | 11.5
Evocations     | 4 5 8 12 | 12.2
Dodging        | 6 8 10 11 12 13 15 16 17 18 19 20 | 20.8
Conjurations   | 4 |  4.2
Armour         | 3 7 9 11 13 14 15 16 17 18 | 18.9
Translocations | 4 7 8 |  8.0
Air Magic      | 2 6 |  6.1

Action                   |  1- 3 |  4- 6 |  7- 9 | 10-12 | 13-15 | 16-18 | 19-21 | 22-24 | 25-27 || total
-------------------------+-------+-------+-------+-------+-------+-------+-------+-------+-------++-------
Melee: Dagger            |   146 |    32 |       |    37 |       |       |       |       |       ||   215
       Short sword       |    12 |   187 |     9 |       |       |       |       |       |       ||   208
       Headbutt          |       |    31 |    61 |   196 |   366 |   959 |   920 |   892 |   112 ||  3537
       Rapier            |       |       |   406 |   887 |  1223 |       |       |       |       ||  2516
       Spear             |       |       |       |       |     2 |       |       |       |       ||     2
       Pair of quick bla |       |       |       |       |   167 |  2381 |  2497 |  2185 |   324 ||  7554
 Fire: Hunting sling     |       |    66 |     6 |       |       |       |       |       |       ||    72
Throw: Stone             |       |       |       |     1 |       |       |       |       |       ||     1
       Dart              |       |       |       |       |    10 |     3 |       |       |       ||    13
       Javelin           |       |       |       |       |     1 |       |       |       |       ||     1
 Cast: Corona            |    28 |     4 |     3 |       |     1 |       |       |       |       ||    36
       Ensorcelled Hiber |    11 |    26 |    42 |    54 |   160 |     7 |     1 |       |       ||   301
       Tukima's Dance    |       |     4 |    12 |     8 |    50 |       |       |       |       ||    74
       Confusing Touch   |       |       |     1 |     8 |     3 |       |     1 |       |       ||    13
       Dazzling Flash    |       |       |       |     4 |    13 |       |     4 |       |       ||    21
       Cause Fear        |       |       |       |       |       |       |     1 |       |       ||     1
       Blink             |       |       |       |       |       |       |       |     1 |     3 ||     4
       Passage of Golubr |       |       |       |       |       |       |       |       |     4 ||     4
Invok: Call Merchant     |       |       |       |     2 |     2 |       |       |     4 |       ||     8
       Potion Petition   |       |       |       |       |       |     2 |    11 |     3 |     1 ||    17
 Abil: Evoke Berserk Rag |       |       |       |       |       |       |       |     4 |       ||     4
Evoke: Wand              |       |       |     1 |    41 |    17 |    28 |     6 |     2 |     6 ||   101
       Phial of floods   |       |       |       |     1 |     2 |       |     1 |       |       ||     4
       Condenser vane    |       |       |       |       |     3 |     3 |     5 |     3 |       ||    14
       Tin of tremorston |       |       |       |       |       |       |     4 |       |       ||     4
  Use: Scroll            |       |     8 |    10 |    11 |    14 |    12 |     8 |    12 |       ||    75
       Potion            |       |     3 |     1 |     6 |     2 |     3 |     4 |     3 |     1 ||    23
 Stab: Sleeping          |    11 |    15 |    27 |    56 |   113 |    33 |    43 |     7 |       ||   305
       Distracted        |       |     1 |     3 |    15 |    21 |    29 |    39 |    39 |     4 ||   151
       Confused          |       |       |     1 |     7 |     7 |       |    16 |     9 |       ||    40
       Paralysed         |       |       |       |     6 |       |     1 |       |       |       ||     7
       Invisible         |       |       |       |     4 |     6 |       |    21 |       |       ||    31
       Fleeing           |       |       |       |       |       |       |     2 |       |       ||     2
Armor: Robe              |    36 |    83 |   102 |   102 |       |       |       |       |       ||   323
       Skin              |       |       |     5 |       |       |       |       |       |       ||     5
       Leather armour    |       |       |       |    42 |       |       |       |       |       ||    42
       Ring mail         |       |       |       |       |   203 |   394 |   290 |   276 |       ||  1163
       Plate armour      |       |       |       |       |       |       |       |   115 |    79 ||   194
Dodge: Dodged            |    94 |   174 |   333 |   636 |   946 |  1256 |  1010 |   841 |    95 ||  5385

Table legend: (Time is in decaauts)
 A = Elapsed time spent in this place.
 B = Non-inter-level travel time spent in this place.
 C = Inter-level travel time spent in this place.
 D = Time resting spent in this place.
 E = Time spent auto-exploring this place.
 F = Levels seen in this place.
 G = Mean time per level.
                   A        B        C        D        E       F      G
               +--------+--------+--------+--------+--------+-----+--------+
         Total |  81797 |  77238 |   4559 |  25524 |  22365 |  49 | 1669.3 |
       Dungeon |  25124 |  23303 |   1821 |   7478 |   7129 |  15 | 1674.9 |
          Lair |  10461 |   9595 |    866 |   3376 |   2724 |   6 | 1743.5 |
         Swamp |   6251 |   5943 |    308 |   2450 |   1724 |   4 | 1562.8 |
   Spider Nest |   4755 |   4623 |    132 |   1210 |   1864 |   4 | 1188.8 |
  Orcish Mines |   3022 |   2667 |    355 |    238 |    783 |   2 | 1511.0 |
        Vaults |   9629 |   9046 |    583 |   1848 |   3218 |   5 | 1925.8 |
        Depths |  13497 |  13006 |    491 |   5135 |   3758 |   5 | 2699.4 |
           Zot |   5097 |   5097 |      0 |   2466 |    341 |   5 | 1019.4 |
        Bailey |   1052 |   1052 |      0 |    143 |    421 |   1 | 1052.0 |
      Ice Cave |   1724 |   1724 |      0 |    985 |      0 |   1 | 1724.0 |
        Wizlab |   1181 |   1181 |      0 |    191 |    400 |   1 | 1181.0 |
               +--------+--------+--------+--------+--------+-----+--------+

Top non-repeatable levels by time:
Depths:2: 4123 daAuts
    D:15: 2862 daAuts
   Zot:5: 2784 daAuts
Depths:4: 2692 daAuts
 Swamp:4: 2613 daAuts
Depths:3: 2583 daAuts
Vaults:5: 2341 daAuts
    D:10: 2232 daAuts
  Lair:5: 2170 daAuts
    D:12: 2162 daAuts
Depths:5: 2133 daAuts
    D:14: 2081 daAuts
  Lair:6: 2020 daAuts
Vaults:1: 2006 daAuts
Vaults:3: 1966 daAuts
